Cogmind - Beta 14 @@@ ROGUE MODE // 2024.11.05 @ 19:21:51 Player: Zane Result: Destroyed by S-10 Pest with Light Assault Rifle Performance ------------- Evolutions (0) 0 Regions Visited (3) 600 Robots Destroyed (27) 135 Value Destroyed (593) 593 Prototype IDs (0) 0 Alien Tech Used (0) 0 Bonus (0) 0 TOTAL SCORE: 1328 Bonus ------- None Cogmind --------- Core Integrity 0/250 Matter 228/300 Energy 100/100 System Corruption 1% Temperature Cool (0) Movement Rolling (100) Location -10/Subcaves Parts ------- > --- POWER (1) -------- (None) > --- PROPULSION (2) --- Compact Wheel > --- UTILITY (2) ------ Disposable Heat Sink Small Storage Unit > --- WEAPON (2) ------- Makeshift Spear > --- INVENTORY (8) ---- Subdweller Power Source Subdweller Monowheel Disposable Heat Sink Medium Matter Pod (100) ECM Suite Hacking Suite Datajack Peak State ------------ > --- POWER ------------ Light Nuclear Core > --- PROPULSION ------- Compact Wheel > --- UTILITY ---------- Disposable Heat Sink Small Storage Unit > --- WEAPON ----------- Grenade Launcher Makeshift Spear > --- INVENTORY -------- Subdweller Power Source Subdweller Monowheel Disposable Heat Sink Medium Matter Pod ECM Suite Hacking Suite Datajack [Rating: 13] Favorites ----------- Power Ion Engine Engine Ion Engine Power Core Light Nuclear Core Propulsion Light Treads Treads Light Treads Wheel Compact Wheel Utility Small Storage Unit Device ECM Suite Storage Small Storage Unit Weapon Light Assault Rifle Ballistic Gun Light Assault Rifle Launcher Grenade Launcher Special Weapon Mining Laser Piercing Weapon Makeshift Spear Build | -11 -10 -10 -10 ------- Run | Yrd Mat Min Sub Slots Evolved . | . . . . Power . | . . . . Propulsion . | . . . . Utility . | . . . . Weapon . | . . . . Parts Attached 28 | 7 8 8 5 Power 3 | 1 1 . 1 Engine 2 | 1 1 . . Core 1 | . . . 1 Reactor . | . . . . Propulsion 3 | 2 . . 1 Treads 2 | 2 . . . Leg . | . . . . Wheel 1 | . . . 1 Hover . | . . . . Flight . | . . . . Utility 7 | 2 2 2 1 Device 6 | 1 2 2 1 Storage 1 | 1 . . . Processor . | . . . . Hackware . | . . . . Protection . | . . . . Artifact . | . . . . Weapon 15 | 2 5 6 2 Energy Gun . | . . . . Energy Cannon . | . . . . Ballistic Gun 10 | 2 5 3 . Ballistic Cannon . | . . . . Launcher 3 | . . 2 1 Special Weapon 1 | . . 1 . Impact Weapon . | . . . . Slashing Weapon . | . . . . Piercing Weapon 1 | . . . 1 Special Melee Weapon . | . . . . Unidentified Prototypes . | . . . . Parts Lost 10 | . 1 2 7 Power 2 | . . . 2 Propulsion 2 | . . 1 1 Utility 2 | . 1 . 1 Weapon 4 | . . 1 3 Highest Loss Streak 5 | . 1 1 5 To Critical Strikes . | . . . . Average Slot Usage (%) 92 | . 99 87 77 Engine 13 | . 14 14 8 Treads 21 | . 28 16 8 Device 13 | . 13 13 13 Storage 14 | . 14 14 14 Ballistic Gun 24 | . 28 25 8 Special Weapon 1 | . . . 8 Peak Build Rating 13 | 7 8 8 13 Average Rating 7 | 5 7 7 8 On Entrance 5 | . 7 8 7 Naked Turns . | . . . . Heaviest Build 17 | 11 15 17 16 Greatest Support 40 | 40 40 40 20 Greatest Overweight (x) 2 | . . . 2 Average Overweight (x) . | . . . . Largest Inventory Capacity 8 | 8 8 8 8 Average Capacity 7 | 7 8 8 8 Most Carried 8 | 7 8 8 8 Average Carried 7 | 5 7 7 7 Final Capacity 8 | 8 8 8 8 Final Carried 8 | 7 8 8 7 Class Distribution -------------------- 100% | Mutant Dominant Class ---------------- Mutant | -10/Materials Mutant | -10/Mines Mutant | -10/Subcaves Resources | -11 -10 -10 -10 ----------- Run | Yrd Mat Min Sub Matter Collected 812 | 308 283 136 85 Remotely . | . . . . Salvage Created 706 | 128 345 157 76 Parts 46 | 4 26 10 6 Haulers Intercepted . | . . . . Recyclers Shooed . | . . . . Parts Field Recycled . | . . . . Retrieved Matter . | . . . . Parts Self-Destructed . | . . . . Prevented . | . . . . Kills | -11 -10 -10 -10 ------- Run | Yrd Mat Min Sub Combat Hostiles Destroyed 21 | . 11 7 3 Melee 3 | . . . 3 Guns 14 | . 11 3 . AOE 4 | . . 4 . Classes Destroyed 8 | 2 4 1 1 Tunneler 3 | 2 . 1 . Recycler 1 | 1 . . . Operator 1 | . 1 . . Watcher 1 | . 1 . . Swarmer 10 | . 6 3 1 Grunt 7 | . 5 2 . Sentry 2 | . . 2 . Subdweller 2 | . . . 2 Best Kill Streak 5 | 2 5 3 2 Combat Bots Only 5 | . 5 3 2 Max Kills in Single Turn 2 | 1 2 2 1 Gunslinging . | . . . . Exploded 2 | . . 2 . Melee 1 | . . . 1 Uniques/NPCs Destroyed . | . . . . Combat | -11 -10 -10 -10 -------- Run | Yrd Mat Min Sub Hostile Shots Fired 141 | . 48 57 36 Missed 42 | . 14 18 10 Damage Taken 1155 | . 326 488 341 Core 253 | . 24 134 95 Absorbed by Shields . | . . . . Core Remaining (%) 100 | 100 . . . Volleys Fired 95 | 19 34 40 2 Largest 2 | 2 2 2 2 Hottest 120 | 40 40 100 120 Shots Fired 172 | 38 68 63 3 Gun 155 | 38 68 48 1 Cannon . | . . . . Launcher 10 | . . 10 . Special 7 | . . 5 2 Kinetic 155 | 38 68 48 1 Thermal 7 | . . 5 2 Explosive 10 | . . 10 . Electromagnetic . | . . . . Robot Hit Streak 10 | 7 6 10 3 Robot Miss Streak 4 | 2 3 4 . Penetration Max . | . . . . Secondary Targets 4 | . 3 1 . Max Gunslinging Chain 1 | . 1 1 . Shots Hit Robots 109 | 25 38 37 9 Core Hits 48 | 6 22 16 4 Critical Kills 1 | . 1 . . Critical Parts Destroyed 1 | . . 1 . Critical Strikes 2 | . 1 1 . Destroy 2 | . 1 1 . Melee Attacks 10 | . . . 10 Impact . | . . . . Slashing . | . . . . Piercing 10 | . . . 10 Sneak Attacks . | . . . . Combat Hostiles . | . . . . Follow-up Attacks . | . . . . Damage Inflicted 1376 | 194 353 666 163 Guns 883 | 194 351 330 8 Cannons . | . . . . Explosions 326 | . . 326 . Melee 131 | . . . 131 Ramming 12 | . 2 10 . Kinetic 883 | 194 351 330 8 Thermal 24 | . . . 24 Explosive 326 | . . 326 . Electromagnetic . | . . . . Impact . | . . . . Slashing . | . . . . Piercing 131 | . . . 131 Highest Corruption 1 | . 1 1 1 Average Corruption 1 | . 1 1 1 Corruption Purged . | . . . . Corruption Blocked . | . . . . Effects 9 | . . 5 4 Message Errors 3 | . . 1 2 Matter Fused 2 | . . . 2 Energy Discharges 1 | . . 1 . Parts Rejected 1 | . . 1 . Data Loss (major) 1 | . . 1 . Alerts 1 | . . 1 . Overload Shots . | . . . . Overflow Damage . | . . . . Projectiles . | . . . . Explosions . | . . . . Melee . | . . . . Knockbacks . | . . . . Impact . | . . . . Kinetic . | . . . . Secondary . | . . . . Self-Inflicted Damage 14 | . . 14 . Shots 1 | . . 1 . Rammed 7 | . 2 5 . Targets Rammed 7 | . 2 5 . Kicked . | . . . . Crushed . | . . . . Highest Temperature 80 | . 12 80 . Average Temperature 22 | . 7 27 . Received Heat Transfer 381 | . 93 198 90 Siege Activations . | . . . . Robots Corrupted . | . . . . Combat Hostiles . | . . . . Parts Fried . | . . . . Impact Corruptions . | . . . . Robots Melted . | . . . . Combat Hostiles . | . . . . Parts Melted . | . . . . Heat Transferred 50 | . . . 50 Parts Sabotaged . | . . . . Parts Stolen . | . . . . Parts Stripped . | . . . . Power Chain Reactions . | . . . . Alert | -11 -10 -10 -10 ------- Run | Yrd Mat Min Sub Peak Influence 294 | 15 294 226 . Initial 34 | . 9 34 . Average 111 | 5 149 74 . Maximum Alert Level 1 | . 1 1 . Low Security (%) 82 | 100 74 90 . Level 1 17 | . 25 9 . Level 2 . | . . . . Level 3 . | . . . . Level 4 . | . . . . Level 5 . | . . . . High Security . | . . . . Max Security . | . . . . Squads Dispatched 2 | . 2 . . Investigation . | . . . . Extermination . | . . . . Reinforcement 2 | . 2 . . Assault . | . . . . Garrison . | . . . . Intercept . | . . . . Searches Triggered . | . . . . Construction Impeded . | . . . . Haulers Reinforced . | . . . . Active Scanning Responses . | . . . . Cargo Convoy Interrupts . | . . . . Stealth | -11 -10 -10 -10 --------- Run | Yrd Mat Min Sub Distress Signals 2 | . 2 . . Communications Jammed . | . . . . Distress Signals . | . . . . Times Spotted 38 | . 23 9 6 Peak Tracking Total 7 | . 6 3 7 Tactical Retreats 4 | . 2 1 1 Traps | -11 -10 -10 -10 ------- Run | Yrd Mat Min Sub Traps Triggered 1 | . 1 . . Indirectly . | . . . . Trap Hack Attempts . | . . . . Triggered . | . . . . Disarmed . | . . . . Reprogrammed . | . . . . Reused . | . . . . Traps Extracted . | . . . . Installed . | . . . . Triggered . | . . . . Machines | -11 -10 -10 -10 ---------- Run | Yrd Mat Min Sub Machines Disabled 2 | . . 2 . Max in Single Turn 1 | . . 1 . Machines Repaired . | . . . . Machines Dismantled . | . . . . Machines Sabotaged . | . . . . Overloaded Fab Kills . | . . . . Hacking | -11 -10 -10 -10 --------- Run | Yrd Mat Min Sub Machines Accessed 5 | . 5 . . Terminals 4 | . 4 . . Fabricators . | . . . . Repair Stations . | . . . . Recycling Units 1 | . 1 . . Scanalyzers . | . . . . Garrison Access . | . . . . Total Hacks 16 | . 16 . . Successful 7 | . 7 . . Failed 9 | . 9 . . Catastrophic 1 | . 1 . . Database Lockouts . | . . . . Manual 8 | . 8 . . Terminals 13 | . 13 . . Fabricators . | . . . . Repair Stations . | . . . . Recycling Units 3 | . 3 . . Scanalyzers . | . . . . Garrison Access . | . . . . Terminal Hacks 4 | . 4 . . Level Access Points 1 | . 1 . . Locate Traps 1 | . 1 . . Recall Investigation 1 | . 1 . . Zone Layout 1 | . 1 . . Fabricator Hacks . | . . . . Repair Station Hacks . | . . . . Recycling Unit Hacks 2 | . 2 . . Retrieve Matter 1 | . 1 . . Retrieve Components 1 | . 1 . . Scanalyzer . | . . . . Garrison Access Hacks . | . . . . Unauthorized Hacks 1 | . 1 . . Terminals 1 | . 1 . . Assimilate 1 | . 1 . . Fabricators . | . . . . Repair Stations . | . . . . Recycling Units . | . . . . Scanalyzers . | . . . . Garrison Access . | . . . . Data Cores Recovered . | . . . . Used . | . . . . Hacking Detections 5 | . 5 . . Full Trace Events . | . . . . Feedback Events . | . . . . Feedback Blocked . | . . . . Robot Schematics Acquired . | . . . . Robots Built . | . . . . Authchips . | . . . . Time . | . . . . Total Robot Build Rating . | . . . . Part Schematics Acquired . | . . . . Parts Built . | . . . . Authchips . | . . . . Time . | . . . . Total Part Build Rating . | . . . . Parts Repaired . | . . . . Time . | . . . . Parts Recycled . | . . . . Recycled Matter . | . . . . Retrieved Matter . | . . . . Retrieved Components 4 | . 4 . . Parts Scanalyzed . | . . . . Part Schematics Acquired . | . . . . Parts Damaged . | . . . . Bothacking | -11 -10 -10 -10 ------------ Run | Yrd Mat Min Sub Used RIF Installer . | . . . . Robots Hacked . | . . . . Non-combat . | . . . . Combat . | . . . . Robot Hacks Applied . | . . . . Relay Couplers Released . | . . . . Fabnet Peak Effective % . | . . . . Robots Rewired . | . . . . Allies Hacked . | . . . . Hacks Repelled . | . . . . Allies | -11 -10 -10 -10 -------- Run | Yrd Mat Min Sub Total Allies . | . . . . Largest Group . | . . . . Highest-Rated Group . | . . . . Highest-Rated Ally . | . . . . Total Orders . | . . . . Ally Attacks . | . . . . Total Damage . | . . . . Kills . | . . . . Allies Corrupted . | . . . . Allies Melted . | . . . . Intel | -11 -10 -10 -10 ------- Run | Yrd Mat Min Sub Robot Analysis Total . | . . . . Derelict Logs Recovered 1 | . . 1 . Drone Launches . | . . . . Drone Recoveries . | . . . . Exploration | -11 -10 -10 -10 ------------- Run | Yrd Mat Min Sub Turns Passed 2104 | 141 1012 659 292 Spaces Moved 1118 | 52 549 327 190 Core 9 | 8 . . 1 Treads 1023 | 44 549 327 103 Legs . | . . . . Wheels 86 | . . . 86 Hover . | . . . . Flight . | . . . . Fastest Speed 50 | 50 160 160 100 Average Speed 154 | 143 160 160 132 Slowest Speed 160 | 160 160 160 160 Overloaded Moves . | . . . . Propulsion Burnouts . | . . . . Robots Hopped . | . . . . Cave-ins Triggered . | . . . . Exploration Rate (%) 44 | 6 82 74 17 Regions Visited 3 Branch Regions 2 Pre-discovered Areas . | . . . . Known Exits Taken . | . . . . Unknown Exits Taken 3 | 1 1 1 . Scrap Searched 1 | . . 1 . Spaces Dug . | . . . . Terrain Destroyed 42 | . . 42 . Melee . | . . . . Projectile . | . . . . AOE 42 | . . 42 . Terrain Rammed . | . . . . Walls Destroyed . | . . . . Machines Disabled . | . . . . Actions | -11 -10 -10 -10 --------- Run | Yrd Mat Min Sub Total 1314 | 85 628 389 212 Wait 21 | . 15 4 2 Move 1115 | 51 548 326 190 Hop . | . . . . Pick Up 22 | 8 8 3 3 Fast Attach 11 | 6 2 2 1 Attach 6 | 1 . 1 4 Detach . | . . . . Swap 11 | . 6 5 . Drop 16 | . 13 3 . Fire 95 | 19 34 40 2 Melee 10 | . . . 10 Ram . | . . . . Kick . | . . . . Crush 7 | . 2 5 . Escape Stasis . | . . . . Rewire . | . . . . Trap . | . . . . Miscellaneous . | . . . . Route ------- -11/Scrapyard -10/Materials (discovered 4 exits: *Mat x3 / [*Min]) -10/Mines (discovered 2 exits: *Mat / [*Sub]) -10/Subcaves History --------- Turn | Location | Event 30 | -11/Scrapyard | Discovered new exit (range 13) 142 | -11/Scrapyard | Entered Materials 302 | -10/Materials | Build established: Mutant 368 | -10/Materials | Discovered new exit (range 14) 547 | -10/Materials | Discovered new exit (range 12) 617 | -10/Materials | Discovered new exit (range 18) 678 | -10/Materials | Identified exit to Materials 1154 | -10/Materials | Entered Mines 1174 | -10/Mines | Discovered exit to Materials (range 8) 1305 | -10/Mines | A weapon hastily lodged in a ceiling crevice suddenly fell to the ground 1399 | -10/Mines | Core integrity fell below 50% 1806 | -10/Mines | Discovered new exit (range 3) 1813 | -10/Mines | Entered Subcaves 1928 | -10/Subcaves | Shifting Twisted Machinery released Sub. Power Source 1931 | -10/Subcaves | Shifting Twisted Machinery released Sub. Laser 1982 | -10/Subcaves | Ambushed by Subdwellers from Twisted Machinery 2027 | -10/Subcaves | Lost 5 parts (1p1n1u2w) 2092 | -10/Subcaves | Core integrity fell below 20% 2105 | -10/Subcaves | Destroyed by S-10 Pest with Light Assault Rifle Last Messages --------------- 01990_ Ion Engine destroyed. 01994_ Lgt. Assault Rifle destroyed. 01994_ CF-U1F(R) destroyed. 01996_ Seismic Detector destroyed. 02004_ 5L-NXT(R) destroyed. 02005_ Subatomizers dissect the Sub. Power Source. 02008_ Acquired 44 matter. 02010_ Acquired Sub. Monowheel. 02012_ System corrupted: Matter fused (-5). 02012_ Acquired Disposable Heat Sink. 02015_ Subatomizers dissect the Sub. Power Source. 02015_ Acquired Sub. Power Source. 02017_ Acquired Disposable Heat Sink. 02018_ Acquired 22 matter. 02049_ System corrupted: Matter fused (-8). 02098_ S-10 Pest destroyed. 02100_ Grenade Launcher destroyed. 02102_ Lgt. Nuclear Core destroyed. Map ----- +----------------------------------------------------+ | ??????????????????????????????????????????????## | | ???????????????????????????????????????????????# | | ????????????????????????????????????????????#### | | ???????????????????????????????????????????## ## | | ??????????????????????????????????????????## # | | ??????????????????????????????????????????# | | ?????????????????????????????????????????## | | ?????????????????????????????????????????# ## | | ?????????????????????????????????????????# #### # | | ?????????????????????????????????????????# ### | | ?????????????????????????????????????????# ## | | ?????????????????????????????????????????# | | ??????????????? ?? ??????????????????????# | | ???????????????? ??????????????????????## ## | | ???????????????? ??????????????????????## ## ## | | ????????????????# ???????????????????????######? | | ????????????????# ?????????????????????????????? | | ???????????????## #????????????????????????????? | | ???????????????? ???????????????????????????## | | ????????????????? ?????????????????????????### | | ?????????????????# ????????????????????????## | | ????????????????## ??????????????????????## | | ???????????????## ??????????????????????# | | ???????????????# ?####??????????????????# | | ???????????????# ## #?????????????????????# | | ???????????????# ss @##???#########?????????# | | ???????????????# s[### ##?## ## #######??## | | ???????????????# ###?# ### #### | | ???????????????## #??### ## ## ### | | ????????????????# ???# ### ## | | ???????????????# ????# #### ### | | ??????????????# ?????# ## #####?# " "" | | ??????????????# ??????# ### #?##??# """ | | ??????????????##???????# #?# ### #??## | | ???????????????????????# #?# ### #???# | | ???????????????????????# #?# ### #???# | | ???????????????????????# #?#### #???#" " | | ???????????????????????## #??## #????# " | | ????????????????????????## #### ##???#### | | ?????????????????????????## ## ###??###* | | ?????????????????????????## ## #?## | | ????????????????????????## ### ### | | ???????????????????????## ## """ | | ???????????????????????# """"" | | ???????????????????????### ## "" | | ?????????????????????????# ## ### | | ????????????????????????# ## ######?# | | ?????????????????????? ?## ##?????# #### | | ???????????????????? ??####?????# ## #??? | | ??????????????????? ???????????# #?## #?? | +----------------------------------------------------+ Best States ------------- Heat Dissipation 35 Coolant Potential 50 Energy Generation 14 Energy Capacity 250 Matter Stores 300 Matter Capacity 300 Sight Range 16 Terrain Scan Density 10 ECM Strength 1 Evasion (%) 50 Recoil Reduction 2 Item Schematics ----------------- None Robot Schematics ------------------ None Fabricated ------------ Nothing Alien Tech Used ----------------- None Achievements -------------- None Challenges ------------ None Game ------ Seed NullTrapReplica Manual? 0 Play Time 00:18:20 Cumulative 23.0 hours Start 2024.11.05 @ 19:04:02 End 2024.11.05 @ 19:21:51 Sessions 1 Manual Loads 0 Difficulty Rogue Special Mode None Game No. 35 Rogue 35 Adventurer 0 Explorer 0 Win Type - Total 0 Types 0/0/0/0/0/0/0/0/0 Lore% 25 Gallery% 29 Achievement% 23 Wizard Run 0 Options --------- Layout 1 ASCII 0 Keyboard 0 Movement Numpad Keybinds 0 Fullscreen 1 Font 24/Smallcaps Map View 50x35 Zoom Use 0% Tactical HUD 1 Map Filters NONE Filters NONE Steam 1 RUN: 6e64463a-a78e-462d-a033-c88958adf70d